AoeStats
← Notorious Guib

Yucatan

510619531Analyzed
4v4 RM · 17h ago on Oct 1, 2026· 71m 54s· 8 players
Game mode
Random Map
Map size
Large (8 player)
Population
200
Speed
Normal
Resources
Standard
Victory
Conquest
Starting age
Dark Age
Ending age
Imperial Age
RankedLock teamsTeams togetherTeam positionsShared explorationLock speedFull tech treeHidden civsTurbo modeCheats
Victory
Defeat
🇦🇷 Celts · Argentina
1098
+11
🇦🇷 Goths · Argentina
1083
+12
🇦🇷 Gurjaras · Argentina
1048
+13
🇩🇪 Britons · Germany
972
+18
🇫🇷 Spanish · France
1048
-16
🇬🇧 Mongols · United Kingdom
1000
-14
🇫🇷 Britons · France
962
-12
🇫🇷 Huns · France
956
-12
gazza17
8:14 Loom
12:36 Feudal Age
16:13 Stone Mining
18:59 Castle Age
17:01 Double-Bit Axe
18:54 Gold Mining
20:14 Bow Saw
22:23 Wheelbarrow
24:43 Fletching
25:21 Ballistics
27:16 Stone Shaft Mining
27:41 Bodkin Arrow
29:44 Horse Collar
31:19 Bloodlines
31:50 Padded Archer Armor
32:49 Leather Archer Armor
32:50 Heavy Plow
40:00 Imperial Age
37:47 Hand Cart
37:41 Husbandry
37:51 Scale Barding Armor
37:57 Forging
39:59 Chain Barding Armor
40:15 Iron Casting
41:38 Cavalier
44:57 Blast Furnace
44:41 Heavy Camel Rider
47:03 Elite Steppe Lancer
49:20 Bracer
50:21 Blast Furnace
Notorious Guib
9:50 Loom
11:35 Feudal Age
13:49 Double-Bit Axe
16:34 Castle Age
17:49 Bow Saw
21:56 Wheelbarrow
27:26 Imperial Age
25:34 Wheelbarrow
24:42 Horse Collar
28:07 Hand Cart
28:01 Elite Conquistador
31:08 Two-Man Saw
31:33 Bloodlines
31:23 Husbandry
32:29 Light Cavalry
33:59 Hussar
35:20 Heavy Plow
37:15 Chemistry
38:44 Scale Barding Armor
38:50 Forging
41:59 Chain Barding Armor
42:15 Iron Casting
52:40 Plate Barding Armor
57:56 Conscription
Noonanx
3:40 Loom
12:15 Feudal Age
16:35 Castle Age
14:37 Stone Mining
14:36 Double-Bit Axe
19:43 Gold Mining
20:05 Bow Saw
21:34 Wheelbarrow
24:57 Horse Collar
27:19 Gold Shaft Mining
28:12 Fletching
28:22 Padded Archer Armor
30:00 Yeomen
29:37 Bodkin Arrow
30:15 Ballistics
31:46 Murder Holes
34:54 Imperial Age
33:05 Heavy Plow
34:38 Hand Cart
34:11 Town Watch
35:09 Elite Longbowman
36:17 Conscription
37:03 Chemistry
38:28 Bracer
38:39 Forging
38:30 Scale Mail Armor
38:02 Man-at-Arms
38:42 Long Swordsman
39:11 Gambesons
39:18 Two-Handed Swordsman
41:16 Iron Casting
40:58 Chain Mail Armor
41:50 Champion
44:10 Pikeman
46:56 Two-Man Saw
50:00 Blast Furnace
49:31 Plate Mail Armor
49:16 Leather Archer Armor
-Dark-Bambi-
0:37 Loom
12:28 Feudal Age
21:39 Castle Age
22:04 Double-Bit Axe
22:08 Horse Collar
22:37 Scale Barding Armor
22:43 Forging
22:34 Padded Archer Armor
22:24 Fletching
22:38 Stone Mining
23:39 Wheelbarrow
23:03 Elite Skirmisher
28:58 Marauders
31:27 Hand Cart
31:14 Heavy Plow
37:45 Imperial Age
36:16 Leather Archer Armor
36:51 Husbandry
38:49 Bodkin Arrow
39:15 Chain Barding Armor
42:02 Capped Ram
44:44 Ballistics
44:57 Siege Ram
46:01 Conscription
49:14 Thumb Ring
49:01 Elite Tarkan
58:00 Bow Saw
60:28 Chemistry
59:39 Bracer
61:32 Pikeman
66:25 Town Watch
67:17 Town Patrol
nigel
0:45 Loom
13:20 Feudal Age
14:00 Double-Bit Axe
14:19 Gold Mining
14:46 Stone Mining
19:37 Castle Age
17:26 Horse Collar
19:07 Wheelbarrow
18:42 Fletching
20:08 Padded Archer Armor
20:18 Forging
21:12 Crossbowman
24:31 Ballistics
27:49 Heavy Plow
28:10 Elite Skirmisher
29:26 Bodkin Arrow
30:17 Gold Shaft Mining
30:51 Leather Archer Armor
31:52 Squires
31:40 Pikeman
34:56 Hand Cart
35:40 Bow Saw
35:32 Town Watch
36:14 Murder Holes
36:31 Masonry
39:31 Imperial Age
38:56 Caravan
39:32 Arson
40:26 Iron Casting
40:41 Conscription
40:06 Halberdier
41:15 Elite Longbowman
42:19 Yeomen
42:16 Bracer
43:18 Blast Furnace
43:27 Chemistry
43:38 Elite Longbowman
45:04 Scale Mail Armor
45:35 Ring Archer Armor
46:27 Two-Man Saw
46:09 Arbalester
48:08 Warwolf
49:27 Hoardings
49:15 Siege Engineers
49:28 Chain Mail Armor
50:53 Capped Ram
58:40 Plate Mail Armor
60:24 Guilds
60:44 Coinage
rodrigo9999991
1:55 Loom
13:42 Feudal Age
14:34 Double-Bit Axe
18:04 Castle Age
16:20 Horse Collar
16:35 Gold Mining
22:11 Wheelbarrow
22:49 Fishing Lines
26:01 Gillnets
26:51 Forging
27:02 Bow Saw
27:23 Husbandry
29:28 Gold Shaft Mining
31:41 Imperial Age
30:00 Bloodlines
29:58 Heavy Plow
30:49 Hand Cart
30:50 Scale Barding Armor
31:57 Masonry
32:33 Iron Casting
33:20 Kshatriyas
35:15 Chain Barding Armor
34:48 Fletching
35:33 Elite Shrivamsha Rider
39:23 Plate Barding Armor
42:42 Heavy Camel Rider
46:30 Light Cavalry
47:26 Bodkin Arrow
53:02 Conscription
56:59 Stone Mining
60:08 Hussar
66:26 Murder Holes
Gorditofelizz
2:43 Loom
10:18 Feudal Age
13:00 Double-Bit Axe
17:35 Castle Age
16:59 Gold Mining
19:24 Pikeman
20:15 Town Watch
20:41 Scale Mail Armor
25:21 Bow Saw
28:37 Horse Collar
39:15 Imperial Age
39:43 Capped Ram
40:37 Siege Ram
42:11 Wheelbarrow
46:52 Gold Shaft Mining
50:37 Chemistry
49:29 Heavy Scorpion
52:58 Furor Celtica
63:24 Conscription
luchomaffia[ARG]
11:21 Feudal Age
11:53 Double-Bit Axe
11:51 Horse Collar
12:51 Wheelbarrow
19:04 Castle Age
20:17 Hand Cart
21:11 Bow Saw
21:04 Heavy Plow
22:52 Stone Mining
22:53 Gold Mining
28:17 Forging
28:08 Scale Mail Armor
28:13 Squires
27:34 Pikeman
29:26 Anarchy
30:47 Chain Mail Armor
31:08 Iron Casting
39:37 Imperial Age
42:21 Blast Furnace
41:45 Conscription
41:26 Perfusion
41:05 Halberdier
44:45 Crop Rotation
45:18 Two-Man Saw
44:57 Onager
62:29 Elite Huskarl
Connection lost

Rejoining the realm…

Still unreachable

The connection could not be restored.

Session expired

The server has moved on; the page needs a fresh start.